 Dungeon Crawl Stone Soup version 0.26-a0-812-g31a745ddcd (webtiles) character file.

Game seed: 17435514884248481998

0 Gargoyl the Skirmisher (level 1, -5/23 HPs)
             Began as a Gnoll Abyssal Knight on Nov 13, 2020.
             Was a Follower of Lugonu.
             Killed from afar by a smoke demon (8 damage)
             ... with a sticky flame
             ... on level 2 of the Abyss.
             The game lasted 00:00:09 (163 turns).

Gargoyl the Skirmisher (Gnoll Abyssal Knight)        Turns: 163, Time: 00:00:10

Health: -5/23      AC:  2    Str: 14    XL:     1   Next: 0%
Magic:  3/3        EV: 12    Int: 14    God:    Lugonu [*.....]
Gold:   0          SH:  0    Dex: 10    Spells: 0/0 levels left

rFire    . . .     SeeInvis .   a - +1 hand axe
rCold    . . .     Faith    .   (no shield)
rNeg     . . .     Spirit   .   b - +0 leather armour
rPois    .         Reflect  .   (no helmet)
rElec    .         Harm     .   (no cloak)
rCorr    .         Rampage  .   (no gloves)
MR       .....                  (no boots)
Stlth    +.........             (no amulet)
HPRegen  0.07/turn              (no ring)
MPRegen  0.08/turn              (no ring)

@: liquid flames, glowing
A: distributed training, fangs 1, [blurry vision 2], [clumsy 2], [deformed
body], strong nose
a: Depart the Abyss, Renounce Religion


You were on level 2 of the Abyss.
You worshipped Lugonu.
Lugonu was aware of your devotion.
You visited 0 branches of the dungeon, and saw 0 of its levels.
You visited the Abyss 1 time.

Inventory:

Hand Weapons
 a - a +1 hand axe (weapon)
Armour
 b - a +0 leather armour (worn)


   Skills:
 + Level 6.4 Fighting
 + Level 0.0 Short Blades
 + Level 0.0 Long Blades
 + Level 4.4 Axes
 + Level 0.0 Maces & Flails
 + Level 0.0 Polearms
 + Level 0.0 Staves
 + Level 0.0 Slings
 + Level 0.0 Bows
 + Level 0.0 Crossbows
 + Level 0.0 Throwing
 + Level 4.4 Armour
 + Level 2.3 Dodging
 + Level 0.0 Stealth
 + Level 0.0 Shields
 + Level 0.0 Unarmed Combat
 + Level 0.0 Spellcasting
 + Level 0.0 Conjurations
 + Level 0.0 Hexes
 + Level 0.0 Summonings
 + Level 0.0 Necromancy
 + Level 0.0 Translocations
 + Level 0.0 Transmutations
 + Level 0.0 Fire Magic
 + Level 0.0 Ice Magic
 + Level 0.0 Air Magic
 + Level 0.0 Earth Magic
 + Level 0.0 Poison Magic
 + Level 4.4 Invocations
 + Level 0.0 Evocations


You couldn't memorise any spells.
You didn't know any spells.
Your spell library was empty.

Dungeon Overview and Level Annotations

Branches:
Dungeon (0/15)

Altars:


Innate Abilities, Weirdness & Mutations

Your experience applies equally to all skills.
You have very sharp teeth.
Your uncanny sense of smell can sniff out nearby items.
[Scrolls take you longer to read.]
[You are very clumsy. (Dex -4)]
[Armour fits poorly on your strangely shaped body.]


Message History

Unknown command.
A wretched star comes into view.
The wretched star pulses with an eldritch light!
Your body twists and deforms.
You feel clumsy. x2
A smoke demon comes into view.
The smoke demon roars!
Unknown command.
The wretched star pulses with an eldritch light!
Your vision blurs. x2
The smoke demon gestures at you. The ball of steam misses you.
Unknown command.
You are engulfed in a cloud of scalding steam.
You are engulfed in a cloud of scalding steam.
* * * LOW HITPOINT WARNING * * *
A sixfirhy comes into view.
The smoke demon gestures at you. The sticky flame hits you!
You are covered in liquid flames!
You die...

. . ## # .. .
. . . .## . .
∆ #3. ##.##
.# ∆ ...# ..#
. . #.§#
.#.#. .
#@.###3.# ∆
#§§§3...# .
##§##§#.#
#§#§. .##. ∆
###...#.# #
+..#.#.# ##
#.....##..
###.#.#.#..#.
∆ #.#........


You could see a sixfirhy (wandering) and a smoke demon.

Vanquished Creatures (others)
  A lurking horror (Abyss:2)
1 creature vanquished.

Notes
Turn   | Place    | Note
-------+----------+-------------------------------------------
     0 | Abyss:1  | Gargoyl the Gnoll Abyssal Knight began the quest for the
                  | Orb.
     0 | Abyss:1  | Reached XP level 1. HP: 23/23 MP: 3/3
   155 | Abyss:2  | Noticed a wretched star
   159 | Abyss:2  | Noticed a smoke demon
   163 | Abyss:2  | Noticed a sixfirhy
   163 | Abyss:2  | Killed from afar by a smoke demon

Illustrated notes

Levels and vault maps discovered:
Abyss:2:  base: Temple, hangedman_cross_veins

Action                   || total
-------------------------++-------
Dodge: Dodged            ||     1

Table legend: (Time is in decaauts)
 A = Elapsed time spent in this place.
 B = Non-inter-level travel time spent in this place.
 C = Inter-level travel time spent in this place.
 D = Time resting spent in this place.
 E = Time spent auto-exploring this place.
 F = Levels seen in this place.
 G = Mean time per level.
                   A        B        C        D        E       F      G
               +--------+--------+--------+--------+--------+-----+--------+
         Total |    162 |    162 |      0 |      0 |    148 |   2 |   81.0 |
         Abyss |    162 |    162 |      0 |      0 |    148 |   2 |   81.0 |
               +--------+--------+--------+--------+--------+-----+--------+

Top non-repeatable levels by time:
 Abyss:2: 160 daAuts
 Abyss:1: 2 daAuts
